 Dungeon Crawl Stone Soup version 0.23.2-40-g277498a001 (webtiles) character file.

Game seed: 6100437421713603793

64 Descartes the Grasshopper (level 3, 0/16 HPs)
             Began as a Felid Warper on Oct 9, 2019.
             Succumbed to an adder's poison
             ... on level 3 of the Dungeon.
             The game lasted 00:05:12 (2521 turns).

Descartes the Grasshopper (Felid Warper)            Turns: 2521, Time: 00:05:12

Health: 0/16       AC:  1    Str:  7    XL:     3   Next: 91%
Magic:  3/7        EV: 19    Int: 15    God:
Gold:   73         SH:  0    Dex: 15    Spells: 2/6 levels left
                                        Lives:  0   Deaths: 0

rFire    . . .     SeeInvis +     - Unarmed
rCold    . . .     Gourm    .   (shield unavailable)
rNeg     . . .     Faith    .   (armour unavailable)
rPois    .         Spirit   .   (helmet unavailable)
rElec    .         Reflect  .   (cloak unavailable)
rCorr    .         Harm     .   (gloves unavailable)
MR       .....                  (boots unavailable)
Stlth    ++........             (no amulet)
HPRegen  0.05/turn              (no ring)
MPRegen  0.10/turn              (no ring)

@: lethally poisoned (0 -> -4), very slightly contaminated, quick
A: very small, no armour, no weapons or thrown items, stealth, claws 1, fangs 3,
see invisible, carnivore, speed 1, shaggy fur 1, slow metabolism 1, sharp paws
a: no special abilities


You were on level 3 of the Dungeon.
You were very full.

You visited 1 branch of the dungeon, and saw 3 of its levels.

You collected 73 gold pieces.

Inventory:

Wands
 n - a wand of random effects (20)
Scrolls
 b - a scroll of blinking
 e - a scroll of magic mapping {unknown}
 h - 2 scrolls of identify {unknown}
 i - a scroll of amnesia {unknown}
 j - 2 scrolls of teleportation {unknown}
 k - a scroll of enchant armour {unknown}
 l - 2 scrolls of remove curse {unknown}
Potions
 a - 3 potions of curing {unknown}
 d - a potion of might {unknown}
 g - 2 potions of heal wounds {unknown}
 m - a potion of flight {unknown}
Comestibles
 c - 3 rations
 f - 2 chunks of flesh


   Skills:
 + Level 2.3 Fighting
 * Level 4.1 Dodging
 * Level 2.2 Stealth
 * Level 2.5 Unarmed Combat
 + Level 2.2 Spellcasting
 + Level 0.4 Charms
 + Level 4.5 Translocations


You had 2 spell levels left.
You knew the following spells:

 Your Spells              Type           Power        Failure   Level  Hunger
a - Blink                 Tloc           N/A          4%          2    ###....
b - Shroud of Golubria    Chrm/Tloc      #.........   12%         2    ###....

Your spell library contained the following spells:

 Spells                   Type           Power        Failure   Level  Hunger
 Gell's Gravitas          Tloc           ###.......   10%         3    ###....
 Lesser Beckoning         Tloc           ###.......   10%         3    ###....
 Teleport Other           Tloc           ###.....     10%         3    ###....
 Passage of Golubria      Tloc           N/A          32%         4    #####..


Dungeon Overview and Level Annotations

Branches:
Dungeon (3/15)

Altars:


Innate Abilities, Weirdness & Mutations

You cannot wear armour.
You are incapable of wielding weapons or throwing items.
Your paws allow you to move quietly. (Stealth)
You have sharp claws.
You have razor-sharp teeth.
You have supernaturally acute eyesight. (SInv)
You are carnivorous and can eat meat at any time.
You cover ground quickly.
You are covered in fur. (AC +1)
You have a slow metabolism.
Your sharp claws are effective at attacking unaware monsters.


Message History

You closely miss the jackal.
The jackal is moderately wounded.
Your shroud bends the jackal's attack away.
You scratch the jackal.
The jackal is severely wounded.
The jackal closely misses you. The jackal misses you.
You scratch the jackal.
You kill the jackal!
The adder bites you.
* * * LOW HITPOINT WARNING * * *
You are lethally poisoned!
The adder poisons you!
* * * LOW HITPOINT WARNING * * *
You feel sick.
Your shroud unravels.
* * * LOW HITPOINT WARNING * * *
You feel sick.
* * * LOW HITPOINT WARNING * * *
You feel sick.
You die...

######### #.......#
#.#####.# #.##....#
######.##.##############
#.......#...h..o...o...#
#.#####..S############.#
#.#...#.#.#.. #.#
#....÷#.#@#.# #S###
###.#<#.#.#.# #h...
#.#.#.#.#.# #....
#.#.#.#.#.# #....
#...#.#.#.# ........
#####.#.#.# .####...
#..<# .### #÷..# ..
#.### ...


You could see an adder.

Vanquished Creatures
  A worm (D:2)
  3 dart slugs (D:1)
  A ball python (D:2)
  8 bats
  4 giant cockroaches
  6 goblins
  4 hobgoblins
  5 jackals
  7 kobolds
  3 quokkas (D:2)
  3 frilled lizards
  7 rats
52 creatures vanquished.

Notes
Turn   | Place    | Note
-------+----------+-------------------------------------------
     0 | D:1      | Descartes the Felid Warper began the quest for the Orb.
     0 | D:1      | Reached XP level 1. HP: 9/9 MP: 4/4
   266 | D:1      | Reached skill level 1 in Stealth
   267 | D:1      | Reached XP level 2. HP: 13/13 MP: 6/6
   725 | D:1      | Reached XP level 3. HP: 16/16 MP: 7/7
   729 | D:1      | Learned a level 2 spell: Blink
   732 | D:1      | Learned a level 2 spell: Shroud of Golubria
  2521 | D:3      | Succumbed to an adder's poison

Skill      XL: |  1  2  3 |
---------------+----------+-----
Stealth        | 1 2 |  2.2
Dodging        | 4 |  4.1
Fighting       | |  2.3
Unarmed Combat | |  2.5
Spellcasting   | |  2.2
Charms         | |  0.4
Translocations | |  4.5

Action                   || total
-------------------------++-------
Melee: Unarmed           ||   170
       Bite              ||    11
 Cast: Shroud of Golubri ||    17
 Stab: Sleeping          ||    14
  Eat: Chunk             ||    11
Armor: Skin              ||    10
Dodge: Dodged            ||   140
